Map: Rainfall LE

Players

Cellsidus

  • Race: Zerg Zerg
  • League: Grandmaster
  • Spawn Location: 5:00

ratgameplay (uThermal) - Winner!

  • Race: Terran Terran
  • League: Grandmaster
  • Spawn Location: 11:00

VOD

Have the link to the VOD?

Description

Time

  • Played on: July 4, 2026, 9:54 a.m.
  • Length: 3:28
Show
View Real Time Build Order
Export as new Build Order

Cellsidus Zerg 

Build Orders: Pool Only 

Get SALT Encoding   

  8  0:00  Drone  
  9  0:27  Spawning Pool  
  8  0:37  Drone  
  8  0:40  Drone  
  10  0:53  Overlord  
  10  1:14  Zergling x6  
  13  1:26  Zergling x2  
  14  1:36  Zergling x2  
  15  1:45  Zergling x2  
  16  1:59  Zergling x2  
  17  2:06  Zergling x2  
  18  2:26  Zergling x2  
  19  2:51  Zergling x2  
  19  3:10  Zergling x2  
Show
View Real Time Build Order
Export as new Build Order

ratgameplay Terran - Winner!

Build Orders: Command Center First 

Get SALT Encoding   

  8  0:00  SCV  
  9  0:12  SCV  
  10  0:24  SCV  
  11  0:36  SCV  
  11  0:39  Supply Depot  
  12  0:48  SCV  
  13  1:01  SCV  
  14  1:13  SCV  
  15  1:23  Command Center  
  15  1:26  SCV  
  16  1:38  SCV  
  17  1:42  Barracks  
  17  1:50  SCV  
  18  1:57  Barracks  
  18  2:02  SCV  
  19  2:15  Barracks  
  19  2:16  SCV  
  19  2:29  SCV  
  20  2:35  SCV  
  20  2:36  Marine  
  22  2:45  Engineering Bay, Marine  
  23  2:54  Marine  
  23  2:58  SCV  
  23  3:02  Marine x2  
  26  3:12  Supply Depot  
Tags
 
Add a new tag
Caveats
  • Supply blocks, unpowered buildings, or Contaminate may cause inaccurate times.
  • Supply counts are checked every 10 seconds.